 Dungeon Crawl Stone Soup version 0.22-b1-26-g9dbaab1 (webtiles) character file.

190 dorian the Sneak (level 5, -1/26 HPs)
             Began as a Vine Stalker Assassin on Aug 6, 2018.
             Slain by a bullfrog (3 damage)
             ... in a sewer.
             The game lasted 00:08:33 (2769 turns).

dorian the Sneak (Vine Stalker Assassin)            Turns: 2769, Time: 00:08:35

Health: -1/26      AC:  3    Str: 13    XL:     5   Next: 69%
Magic:  0/6        EV: 12    Int: 12    God:
Gold:   106        SH:  0    Dex: 16    Spells: 4/4 levels left

rFire    + . .     SeeInvis .   b - +0 blowgun
rCold    + . .     Gourm    .   (no shield)
rNeg     . . .     Faith    .   c - +0 robe
rPois    +         Spirit   +   p - +0 hat
rElec    +         Reflect  .   d - +0 cloak
rCorr    +         Harm     .   (no gloves)
MR       .....                  (no boots)
Stlth    +++.......             (no amulet)
HPRegen  0.48/turn              (no ring)
MPRegen  0.10/turn              (no ring)

@: resistant
A: fangs 2, regeneration 1, magic shield, antimagic bite, no potion heal 3, rot
immunity
a: no special abilities


You were in a sewer.
You were not hungry.

You visited 1 branch of the dungeon, and saw 4 of its levels.
You also visited: Sewer.

You collected 106 gold pieces.

Inventory:

Hand Weapons
 a - a +2 dagger
 b - a +0 blowgun (weapon)
Missiles
 e - 3 poisoned needles (quivered)
Armour
 c - a +0 robe (worn)
 d - a +0 cloak (worn)
 p - a +0 hat (worn)
Scrolls
 h - 3 scrolls of amnesia {unknown}
 i - a scroll of identify {unknown}
 j - 2 scrolls of magic mapping {unknown}
 n - 2 scrolls of fear {unknown}
 o - 2 scrolls of remove curse {unknown}
 q - a scroll of immolation {unknown}
Comestibles
 g - 3 rations
 m - 6 chunks of flesh


   Skills:
 - Level 1.7 Fighting
 * Level 4.2 Short Blades
 - Level 1.7 Throwing
 + Level 1.2 Dodging
 + Level 6.2 Stealth


You had 4 spell levels left.
You didn't know any spells.
Your spell library was empty.

Dungeon Overview and Level Annotations

Branches:
Dungeon (4/15)
 Temple: D:4-7

Altars:
Vehumet
Zin


Innate Abilities, Weirdness & Mutations

You have extremely sharp teeth.
Your natural rate of healing is unusually fast.
When hurt, damage is shared between your health and your magic reserves.
Your bite disrupts and absorbs the magic of your enemies.
Potions cannot restore your health.
You are immune to rotting.


Message History

Quiver which item? (- for none, * to show all) (? for menu, Esc to quit)
Quivering
f - 2 curare-tipped needles for blowguns.
Firing (i - inventory. (/) - cycle)
f - 2 curare-tipped needles (quivered)
Press: ? - help, Shift-Dir - straight line, f/p - bullfrog
Aim: a bullfrog (poisoned)
You shoot a curare-tipped needle.
The curare-tipped needle closely misses the bullfrog.
You hear a splash.
The bullfrog barely misses you.
Firing (i - inventory. (/) - cycle)
f - a curare-tipped needle (quivered)
Press: ? - help, Shift-Dir - straight line, f/p - bullfrog
Aim: a bullfrog (poisoned)
You shoot a curare-tipped needle.
The curare-tipped needle hits the bullfrog.
The bullfrog looks as sick as possible!
The bullfrog convulses.
The bullfrog seems to slow down.
The bullfrog is heavily wounded.
You hear a splash.
The bullfrog hits you.
You die...

#≈≈≈≈≈≈≈≈≈≈≈≈≈≈≈≈≈≈≈≈≈.#
#≈≈≈≈.≈≈≈≈≈≈≈≈≈≈..≈≈≈÷.#
#≈########≈≈≈≈≈≈≈≈.≈≈≈.#
#≈# ##≈≈≈≈≈≈≈≈≈.≈≈≈.#
#≈# #≈≈≈≈≈≈≈≈≈≈÷≈≈≈.#
#≈# ##≈≈≈≈≈≈≈≈≈≈≈≈≈≈.#
#≈# #≈≈≈≈≈≈≈≈≈≈≈≈≈≈≈.#
#≈# #≈≈∩.≈≈≈F≈≈≈≈≈≈≈.#
#≈# #≈≈..≈.@F≈≈≈≈≈≈≈.#
#.# #≈≈≈≈..≈≈≈≈≈≈≈≈≈≈.#
#.# #≈≈≈≈≈≈≈.≈≈≈≈≈≈≈≈.#
### #.#
#≈≈≈≈≈.(≈.≈≈≈≈≈≈≈.# #.#
#.# ≈≈≈≈./[}.≈≈≈≈≈≈≈.#
#∩# #.#
≈≈≈≈≈.:≈≈≈≈≈≈≈≈≈.# #.#
#.# ≈≈≈≈≈..≈≈≈≈≈.≈≈≈.#
#∩# #.#
#≈≈≈≈≈≈≈≈≈≈≈.≈≈≈.# #.#
#.# ≈≈≈≈≈≈≈≈.≈≈≈.# #.#


You could see 2 bullfrogs.

Vanquished Creatures
  A crimson imp (D:2)
  An orc priest (D:3)
  An orc wizard (D:2)
  An adder (D:2)
  An ooze (D:2)
  5 leopard geckos
  9 orcs
  4 ball pythons
  4 giant cockroaches
  5 goblins
  5 hobgoblins
  3 jackals (D:2)
  A quokka (D:3)
  5 bats
  11 frilled lizards
  7 kobolds
  11 rats
75 creatures vanquished.

Notes
Turn   | Place    | Note
-------+----------+-------------------------------------------
     0 | D:1      | dorian the Vine Stalker Assassin began the quest for the Orb.
     0 | D:1      | Reached XP level 1. HP: 11/11 MP: 2/2
   134 | D:1      | Reached skill level 5 in Stealth
   139 | D:1      | Reached XP level 2. HP: 11/15 MP: 3/3
   673 | D:2      | Found a radiant altar of Vehumet.
   855 | D:2      | Reached XP level 3. HP: 16/18 MP: 4/4
   973 | D:2      | Gained mutation: Your natural rate of healing is unusually fast. [Vine Stalker growth]
   973 | D:2      | Reached XP level 4. HP: 23/23 MP: 5/5
  1011 | D:2      | Found a glowing silver altar of Zin.
  1697 | D:3      | Reached XP level 5. HP: 26/26 MP: 4/6
  2121 | D:3      | Reached skill level 6 in Stealth
  2201 | D:3      | Reached skill level 1 in Dodging
  2470 | D:4      | Found a glowing drain.
  2501 | Sewer    | Entered a sewer
  2766 | Sewer    | HP: 1/26 [bullfrog (3)]
  2769 | Sewer    | Slain by a bullfrog

Skill      XL: |  1  2  3  4  5 |
---------------+----------------+-----
Short Blades   | 2 3 4 |  4.2
Stealth        | 5 6 |  6.2
Dodging        | 1 |  1.2
Fighting       | |  1.7
Throwing       | |  1.7

Action                   |  1- 3 |  4- 6 || total
-------------------------+-------+-------++-------
Melee: Dagger            |    68 |   148 ||   216
       Bite              |    15 |    33 ||    48
 Fire: Blowgun           |       |    16 ||    16
  Use: Potion            |       |     2 ||     2
 Stab: Sleeping          |     8 |     4 ||    12
  Eat: Chunk             |       |     6 ||     6
Armor: Robe              |    13 |    35 ||    48
Dodge: Dodged            |    34 |    82 ||   116
